 Dungeon Crawl Stone Soup version 0.30-a0-341-g682706514a (webtiles) character file.

Game seed: 14197073826387568056

68 123456 the Digger (level 4, 0/24 HPs)
             Began as a Gargoyle Earth Elementalist on Nov 4, 2022.
             Slain by a river rat (3 damage)
             ... on level 3 of the Dungeon.
             The game lasted 00:03:41 (2219 turns).

123456 the Digger (Gargoyle Earth Elementalist)     Turns: 2219, Time: 00:03:42

Health: 0/24       AC:  8    Str: 12    XL:     4   Next: 19%
Magic:  1/8        EV: 12    Int: 15    God:
Gold:   115        SH:  0    Dex: 19    Spells: 4/8 levels left

rFire   . . .      SeeInvis .    g - +0 short sword
rCold   . . .      Faith    .    (no shield)
rNeg    + . .      Spirit   .    a - +0 robe
rPois   ∞          Reflect  .    (no helmet)
rElec   +          Harm     .    (no cloak)
rCorr   .          Rampage  .    r - +2 pair of gloves
Will    +....                    (no boots)
Stlth   ++........               (no amulet)
HPRegen 0.24/turn                q - ring of Elyvilon's Outrage {*Slow Will+ Dex+7}
MPRegen 0.11/turn                (no ring)

@: no status effects
A: sickness immunity, AC +3, negative energy resistance 1, electricity
resistance, torment resistance 1, petrification resistance
a: no special abilities


You were on level 3 of the Dungeon.
You visited 1 branch of the dungeon, and saw 3 of its levels.

You collected 115 gold pieces.

Inventory:

Hand Weapons
 g - a +0 short sword (weapon)
Armour
 a - a +0 robe (worn)
 r - a +2 pair of gloves (worn)
Jewellery
 l - a ring of fire
 q - the ring of Elyvilon's Outrage (left hand) {*Slow Will+ Dex+7}
   (You found it on level 2 of the Dungeon)

   [ring of willpower]

   Dex:       It affects your dexterity (+7).
   *Slow:     It may slow you when you take damage.
   Will:      It increases your willpower.
Wands
 s - a wand of quicksilver (7)
Scrolls
 e - a scroll of teleportation {unknown}
 i - a scroll of magic mapping
 j - a scroll of enchant armour {unknown}
 k - a scroll of poison {unknown}
 p - a scroll of immolation {unknown}
Potions
 b - a potion of magic
 c - a potion of attraction {unknown}
 d - a potion of berserk rage {unknown}
 f - a potion of heal wounds {unknown}
 h - a potion of invisibility {unknown}
 m - a potion of cancellation {unknown}
 n - a potion of degeneration {unknown}
 o - a potion of brilliance {unknown}


   Skills:
 + Level 2.0 Dodging
 + Level 2.8 Stealth
 * Level 2.8 Spellcasting
 + Level 0.4 Conjurations
 - Level 0.7 Transmutations
 * Level 4.4 Earth Magic


You had 4 spell levels left.
You knew the following spells:

 Your Spells              Type           Power      Damage    Failure   Level
a - Sandblast             Erth           30%        2d9       3%          1
b - Stone Arrow           Conj/Erth      18%        3d8       22%         3

Your spell library contained the following spells:

 Spells                   Type           Power      Damage    Failure   Level
 Passwall                 Tmut/Erth      7%         N/A       11%         2
 Petrify                  Tmut/Erth      9%         N/A       56%         4


Dungeon Overview and Level Annotations

Branches:
Dungeon (3/15)

Altars:


Innate Abilities, Weirdness & Mutations

You are immune to sickness and miasma.
Your stone body is resilient. (AC +3)
You are immune to poison.
You resist negative energy. (rN+)
You are resistant to electric shocks. (rElec)
You are resistant to unholy torment.
You are immune to petrification.


Message History

You are too injured to fight recklessly!
You are too injured to fight recklessly!
You are too injured to fight recklessly!
You are too injured to fight recklessly!
You are too injured to fight recklessly!
You are too injured to fight recklessly!
Aiming: Sandblast (safe; 3% risk of failure)
Press: ? - help, Q - select action, (/) - cycle Shift-Dir - straight line, f - river rat
Aim: a river rat (80% to hit)
The blast of sand hits the river rat but does no damage.
Unknown command.
Aiming: Sandblast (safe; 3% risk of failure)
Press: ? - help, Q - select action, (/) - cycle Shift-Dir - straight line, f/p - river rat
Aim: a river rat (80% to hit)
The blast of sand misses the river rat.
Unknown command.
Aiming: Sandblast (safe; 3% risk of failure)
Press: ? - help, Q - select action, (/) - cycle Shift-Dir - straight line, f/p - river rat
Aim: a river rat (80% to hit)
The blast of sand hits the river rat but does no damage.
The river rat bites you.
Aiming: Sandblast (safe; 3% risk of failure)
Press: ? - help, Q - select action, (/) - cycle Shift-Dir - straight line, f/p - river rat
Aim: a river rat (80% to hit)
The blast of sand hits the river rat but does no damage.
The river rat bites you!
* * * LOW HITPOINT WARNING * * *
The river rat barely misses you.
Aiming: Sandblast (safe; 3% risk of failure)
Press: ? - help, Q - select action, (/) - cycle Shift-Dir - straight line, f/p - river rat
Aim: a river rat (80% to hit)
The blast of sand hits the river rat.
The river rat is moderately wounded.
The river rat closely misses you. The river rat attacks as you move away!
The river rat bites you but does no damage.
The river rat bites you.
* * * LOW HITPOINT WARNING * * *
The river rat bites you.
You die...

#......#.##.#,,...#*
#.....>'.##.#,....#*
#......####.#.....# ########
#.#.....#
###############.#.....#*
#.............#'#.....+,
#.....................##
#.......................
#......@............###*
#.....r.............#
#.....############..#
*******###.....#~~~*~~~~~∩*..#***
*,,,,,,.......~#~*~*~******....,,
*,,,,^,....#..~#~*~*~*~~~~*,....,
*,,,,,,....#.~~~~*~~~~~**~*,,....
*,,,,,,...,#..~#~*~********,,,,,.
*,,,,,,..,,#..~~~#~~~~~~~~*,,,,,,


You could see a river rat.

Vanquished Creatures
  A river rat (D:3)
  2 adders (D:2)
  4 worms (D:2)
  3 endoplasms
  4 giant cockroaches
  A goblin (D:1)
  3 hobgoblins (D:2)
  5 ball pythons
  A bat (D:1)
  3 frilled lizards
  4 rats (D:1)
31 creatures vanquished.

Notes
Turn   | Place    | Note
-------+----------+-------------------------------------------
     0 | D:1      | 123456 the Gargoyle Earth Elementalist began the quest for
                  | the Orb.
     0 | D:1      | Reached XP level 1. HP: 10/10 MP: 3/3
   283 | D:1      | Reached XP level 2. HP: 15/15 MP: 3/5
   863 | D:1      | Reached skill level 4 in Earth Magic
  1202 | D:2      | Reached XP level 3. HP: 19/19 MP: 2/6
  1263 | D:2      | Learned a level 3 spell: Stone Arrow
  1884 | D:2      | Found a faded altar of an unknown god.
  1892 | D:2      | Identified the ring of Elyvilon's Outrage {*Slow Will+
                  | Dex+7}
  1904 | D:2      | Reached XP level 4. HP: 24/24 MP: 6/8
  2219 | D:3      | Slain by a river rat

Illustrated notes

Levels and vault maps discovered:
D:1:      dpeg_arrival_arbitrary_a, layout_loops_corners
D:2:      layout_loops_ring, ebering_ecumenical_altar_mist
D:3:      layout_basic, lightli_sewer_entry_pipes

Skill      XL: |  1  2  3 |
---------------+----------+-----
Earth Magic    | 4 |  4.4
Dodging        | 2 |  2.0
Stealth        | |  2.8
Spellcasting   | |  2.8
Conjurations   | |  0.4
Transmutations | |  0.7

Action                   |  1- 3 |  4- 6 || total
-------------------------+-------+-------++-------
Melee: Short sword       |     1 |     5 ||     6
 Cast: Sandblast         |    46 |     7 ||    53
       Stone Arrow       |       |     1 ||     1
  Use: Scroll            |     1 |     1 ||     2
Armor: Robe              |     7 |     2 ||     9
Dodge: Dodged            |    14 |     5 ||    19

Table legend: (Time is in decaauts)
 A = Elapsed time spent in this place.
 B = Non-inter-level travel time spent in this place.
 C = Inter-level travel time spent in this place.
 D = Time resting spent in this place.
 E = Time spent auto-exploring this place.
 F = Levels seen in this place.
 G = Mean time per level.
                   A        B        C        D        E       F      G
               +--------+--------+--------+--------+--------+-----+--------+
         Total |   2244 |   2078 |    166 |      0 |   1767 |   3 |  748.0 |
       Dungeon |   2244 |   2078 |    166 |      0 |   1767 |   3 |  748.0 |
               +--------+--------+--------+--------+--------+-----+--------+

Top non-repeatable levels by time:
     D:1: 1109 daAuts
     D:2: 1021 daAuts
     D:3: 113 daAuts
